 Dungeon Crawl Stone Soup version 0.29.1-1-gd02db6906a (webtiles) character file.

Game seed: 11675421267698423055

208 funnyparkerb the Cudgeller (level 5, -6/41 (45) HPs)
             Began as a Minotaur Monk on Oct 10, 2022.
             Mangled by a wight
             ... wielding a +0 halberd
              (13 damage)
             ... on level 6 of the Dungeon.
             The game lasted 00:03:31 (2532 turns).

funnyparkerb the Cudgeller (Minotaur Monk)          Turns: 2532, Time: 00:03:31

HP:   -6/41 (45)    AC:  3    Str: 18    XL:     5   Next: 55%
MP:   4/4           EV: 12    Int:  7    God:
Gold: 165           SH:  0    Dex: 12    Spells: 4/4 levels left

rFire   . . .      SeeInvis .   a - +0 mace
rCold   . . .      Faith    .   (no shield)
rNeg    . . .      Spirit   .   e - +0 leather armour
rPois   +          Reflect  .   (helmet restricted)
rElec   .          Harm     .   (no cloak)
rCorr   .          Rampage  .   (no gloves)
Will    .....                   (no boots)
Stlth   +.........              (no amulet)
HPRegen 0.13/turn               q - ring of poison resistance
MPRegen 0.09/turn               (no ring)

@: lethally poisoned (-6 -> -41), drained
A: horns 2, retaliatory headbutt
a: no special abilities


You were on level 6 of the Dungeon.
You visited 1 branch of the dungeon, and saw 4 of its levels.

You collected 165 gold pieces.

Inventory:

Hand Weapons
 a - a +0 mace (weapon)
Missiles
 c - 2 boomerangs (quivered)
Armour
 e - a +0 leather armour (worn)
Jewellery
 q - a ring of poison resistance (left hand)
Scrolls
 g - a scroll of amnesia {unknown}
 i - 2 scrolls of blinking {unknown}
 j - a scroll of butterflies {unknown}
 l - 2 scrolls of poison {unknown}
 m - a scroll of summoning {unknown}
 n - 2 scrolls of identify {unknown}
 o - a scroll of fear {unknown}
Potions
 b - a potion of curing {unknown}
 d - a potion of lignification {unknown}
 f - 2 potions of degeneration {unknown}
 h - 2 potions of might {unknown}
 k - a potion of brilliance {unknown}
 p - 2 potions of resistance {unknown}
 r - 3 potions of attraction {unknown}
 s - a potion of cancellation {unknown}


   Skills:
 - Level 3.6 Fighting
 + Level 7.6 Maces & Flails
 - Level 3.2 Dodging
 - Level 1.5 Stealth


You had 4 spell levels left.
You didn't know any spells.
Your spell library contained the following spells:

 Spells                   Type           Power      Damage    Failure   Level
 Apportation              Tloc           0%         N/A       50%         1
 Alistair's Intoxication  Tmut/Pois      0%         N/A       100%        5


Dungeon Overview and Level Annotations

Branches:
Dungeon (6/15)
 Temple: D:4-7

Altars:
Kikubaaqudgha


Innate Abilities, Weirdness & Mutations

You have a pair of horns on your head.
You reflexively headbutt those who attack you in melee.


Message History

Throw: 2 boomerangs
Press: ? - help, Q - select action Shift-Dir - straight line, f - wight
Aim: a wight, wielding a +0 halberd and wearing a +0 robe (57% to hit)
You throw a boomerang. The boomerang barely misses the wight.
Throw: 2 boomerangs
Press: ? - help, Q - select action Shift-Dir - straight line, f/p - wight
Aim: a wight, wielding a +0 halberd and wearing a +0 robe (57% to hit)
You throw a boomerang. The boomerang hits the wight.
The wight is moderately damaged.
Throw: 2 boomerangs
Press: ? - help, Q - select action Shift-Dir - straight line, f/p - wight
Aim: a wight, wielding a +0 halberd and wearing a +0 robe (57% to hit)
You throw a boomerang. The boomerang hits the wight.
The wight is heavily damaged.
The wight closely misses you.
Throw: 2 boomerangs
Press: ? - help, Q - select action Shift-Dir - straight line, f/p - wight
Aim: a wight, wielding a +0 halberd and wearing a +0 robe (57% to hit)
You throw a boomerang.
The boomerang hits the wight but does no damage.
The wight is heavily damaged.
The wight hits you from afar with a +2 halberd of venom!
You feel drained.
Throw: 2 boomerangs
Press: ? - help, Q - select action Shift-Dir - straight line, f/p - wight
Aim: a wight, wielding a +0 halberd and wearing a +0 robe (57% to hit)
You throw a boomerang.
The boomerang completely misses the wight.
The boomerang barely misses the wight.
The wight hits you from afar with a +2 halberd of venom!
You are poisoned.
The wight closely misses you.
You feel very sick.
The wight hits you with a +2 halberd of venom!
* * * LOW HITPOINT WARNING * * *
You feel drained.
* * * LOW HITPOINT WARNING * * *
You are more poisoned.
The wight hits you from afar with a +0 halberd!
You die...

########## #.........
###########.........
##......@zz..........
###..#########..)......
##...........#..........
##............#..........
#.............#..........
#.#...........##.........
#.#...........##.........
#>.......................
##.#...........##.........


You could see 2 wights.

Vanquished Creatures
  A water moccasin (D:3)
  A wight (D:6)
  An adder (D:3)
  A worm (D:2)
  4 bats
  8 endoplasms
  2 goblins (D:2)
  4 hobgoblins
  A jackal (D:1)
  2 quokkas
  2 ball pythons (D:1)
  A frilled lizard (D:2)
  3 kobolds
  7 rats
38 creatures vanquished.

Notes
Turn   | Place    | Note
-------+----------+-------------------------------------------
     0 | D:1      | funnyparkerb the Minotaur Monk began the quest for the Orb.
     0 | D:1      | Reached XP level 1. HP: 19/19 MP: 0/0
   166 | D:1      | Reached skill level 4 in Maces & Flails
   290 | D:1      | Reached XP level 2. HP: 26/26 MP: 1/1
  1076 | D:2      | Reached skill level 5 in Maces & Flails
  1229 | D:2      | Reached XP level 3. HP: 31/31 MP: 2/2
  1834 | D:3      | Found an ancient bone altar of Kikubaaqudgha.
  1944 | D:3      | Noticed a water moccasin
  1959 | D:3      | Killed a water moccasin
  1960 | D:3      | Reached skill level 7 in Maces & Flails
  1960 | D:3      | Reached XP level 4. HP: 12/39 MP: 3/3
  1960 | D:3      | Reached XP level 5. HP: 14/45 MP: 4/4
  2378 | D:3      | You fall into a shaft and drop 3 floors!
  2532 | D:6      | Mangled by a wight

Illustrated notes

Levels and vault maps discovered:
D:1:      dpeg_arrival_brainrot, layout_basic, serial_bayou_pond_a
D:2:      layout_loops_cross
D:3:      layout_basic, mainiacjoe_overflow_alcove_2, grunt_ashenzari_visionary
          [grunt_ashenzari_visionary_shoals, grunt_ashenzari_visionary_snake]
D:6:      minmay_inner_zag, layout_basic, serial_shops, shop_scrolls,
          nicolae_stop_n_shop_1, chequers_serial_rivers_micro_a

Skill      XL: |  1  2  3 |
---------------+----------+-----
Maces & Flails | 4 5 7 |  7.6
Fighting       | |  3.6
Dodging        | |  3.2
Stealth        | |  1.5

Action                   |  1- 3 |  4- 6 || total
-------------------------+-------+-------++-------
Melee: Mace              |    75 |     7 ||    82
       Headbutt          |     8 |     1 ||     9
Throw: Boomerang         |       |     6 ||     6
  Use: Potion            |     1 |       ||     1
 Stab: Sleeping          |     5 |     1 ||     6
Armor: Leather armour    |     8 |     1 ||     9
Dodge: Dodged            |    45 |     8 ||    53
